 Dungeon Crawl Stone Soup version 0.30.1-11-g7821555f0a (webtiles) character file.

Game seed: 6873535927121004801

252 lonewolfV2 the Covered (level 5, -8/41 HPs)
             Began as a Demonspawn Fighter on Oct 27, 2023.
             Mangled by Pikel
             ... wielding a +0 whip of electrocution
              (10 damage)
             ... on level 4 of the Dungeon.
             The game lasted 00:08:19 (3478 turns).

lonewolfV2 the Covered (Demonspawn Fighter)         Turns: 3478, Time: 00:08:20

Health: -8/41      AC:  9    Str: 19    XL:     5   Next: 89%
Magic:  5/5        EV: 12    Int:  9    God:
Gold:   158        SH:  5    Dex: 17    Spells: 4/4 levels left

rFire   + . .        a - +1 war axe
rCold   . . .        c - +0 buckler
rNeg    . . .        i - +0 chain mail
rPois   .            (no helmet)
rElec   .            (no cloak)
rCorr   .            (no gloves)
SInv    .            (no boots)
Will    .....        (no amulet) Stlth
                     j - ring of Veuruo {rF+ Dex+5}
HPRegen 0.26/turn    (no ring)
MPRegen 0.09/turn

%: no passive effects
@: hasted, invisible, very quick
A: repulsion field 2
a: no special abilities


You were on level 4 of the Dungeon.
You visited 1 branch of the dungeon, and saw 4 of its levels.
You also visited: Sewer.

You collected 158 gold pieces.

Inventory:

Hand Weapons
 a - a +1 war axe (weapon)
 m - the +4 dagger of the Grey Skies {pain, Str+3}
   (You found it on level 3 of the Dungeon)

   Str:       It affects your strength (+3).
Armour
 b - a +0 scale mail
 c - a +0 buckler (worn)
 i - a +0 chain mail (worn)
Jewellery
 j - the ring of Veuruo (left hand) {rF+ Dex+5}
   (You acquired it on level 2 of the Dungeon)

   [ring of protection from fire]

   Dex:       It affects your dexterity (+5).
   rF:        It protects you from fire.
 k - a ring of fire
Scrolls
 e - a scroll of poison
 l - 2 scrolls of teleportation
 n - a scroll of enchant weapon
 p - a scroll of fog
 r - a scroll of torment
Potions
 g - a potion of haste
 h - a potion of might
 s - a potion of heal wounds {unknown}


   Skills:
 - Level 3.0 Fighting
 - Level 1.7 Axes
 + Level 3.8 Armour
 * Level 3.6 Dodging
 + Level 3.7 Shields


You had 4 spell levels left.
You didn't know any spells.
Your spell library contained the following spells:

 Spells                   Type           Power      Damage    Failure   Level
 Scorch                   Fire           0%         2d5       99%         2
 Flame Wave               Conj/Fire      0%         2d4       100%        4
 Summon Cactus Giant      Summ           0%         N/A       100%        6


Dungeon Overview and Level Annotations

Branches:
Dungeon (4/15)              Sewer (visited)
 Temple: D:4-7

Altars:
Xom

Shops:
D:1 *:[

Annotations:
D:4 1 runed translucent door, Crazy Yiuf, Pikel


Innate Abilities, Weirdness & Mutations

You are surrounded by a moderate repulsion field. (EV +3)


Message History

There is an entrance to an ossuary on this level.
Hurry and find it before the portal is buried!
Found a hammer.
Found a runed translucent door.
Crazy Yiuf shouts!
Crazy Yiuf says, "Line illywillydillykilly poople!"
Crazy Yiuf cries, "Sif Muna!
Leather hand ladder."
Found 5 stones.
You see here 5 stones.
Pikel, Merchant of Souls comes into view.
He is wielding a +0 whip of electrocution.
Pikel cracks his whip.
Pikel is nearby! 2 lemures come into view.
The lemure shouts! x2; You hear a shout!
A lemure comes into view.
The lemure shouts!
You hit Pikel.
Pikel is lightly wounded.
A lemure comes into view.
Pikel closely misses you.
You barely miss Pikel.
Pikel is lightly wounded.
Pikel hits you with a +0 whip of electrocution.
You are electrocuted!!
You hit Pikel.
Pikel is lightly wounded.
Pikel closely misses you.
Pikel hits you with a +0 whip of electrocution.
You are electrocuted!
* * * LOW HITPOINT WARNING * * *
You slash Pikel!
Pikel is moderately wounded.
Pikel hits you but does no damage.
You fade into invisibility!
Pikel barely misses you.
A hobgoblin comes into view.
You feel yourself speed up.
Pikel says, "You'll make a fine lemure."
Pikel hits you with a +0 whip of electrocution.
* * * LOW HITPOINT WARNING * * *
You are electrocuted!
You die...

#.#.......♣♣♣♣.+..
#.#.#.#.♣♣♣ ♣♣#..
###.....##♣ #
##...##### #..###
##.## #..# .
#.########....
###.##.@K5.55...
#...(..#####5...
.......##### g
.#..... .....#.
.###... # .. ...
..#


You could see Pikel (unable to see you) and 4 lemures.

Vanquished Creatures
  Pargi (Sewer)
  Terence (D:3)
  A gnoll (D:1)
  3 adders (D:3)
  2 river rats (D:3)
  A dart slug (D:1)
  3 worms (D:3)
  7 ball pythons
  5 endoplasms
  6 giant cockroaches
  7 hobgoblins
  4 jackals (D:3)
  5 quokkas
  5 bats
  3 frilled lizards
  4 goblins (D:1)
  5 kobolds
  9 rats
72 creatures vanquished.

Notes
Turn   | Place    | Note
-------+----------+-------------------------------------------
     0 | D:1      | lonewolfV2 the Demonspawn Fighter began the quest for the
                  | Orb.
     0 | D:1      | Reached XP level 1. HP: 18/18 MP: 1/1
    50 | D:1      | Found Vadwuwk's Antique Armour Shoppe.
   130 | D:1      | Found Bagoirch's Book Boutique.
   160 | D:1      | Found Seiw's General Store.
   293 | D:1      | Reached skill level 1 in Dodging
   293 | D:1      | Gained mutation: You are surrounded by a mild repulsion
                  | field. (EV +2) [demonic ancestry]
   293 | D:1      | Reached XP level 2. HP: 20/24 MP: 2/2
   567 | D:1      | Reached XP level 3. HP: 29/29 MP: 3/3
  1633 | D:2      | Found a faded altar of an unknown god.
  2015 | D:2      | Identified a scroll of acquirement
  2015 | D:2      | Acquired the ring of Veuruo {rF+ Dex+5}
  2018 | D:2      | Upgraded the game from 0.30.1-10-g1249ef9ec4 to
                  | 0.30.1-11-g7821555f0a
  2063 | D:3      | Noticed an angel
  2064 | D:3      | Found a shimmering altar of Xom.
  2072 | D:3      | Reached XP level 4. HP: 35/35 MP: 4/4
  2074 | D:3      | Identified the +4 dagger of the Grey Skies {pain, Str+3}
  2237 | D:3      | Found a glowing drain.
  2246 | Sewer    | Entered a sewer
  2293 | Sewer    | Noticed Pargi
  2334 | Sewer    | Killed Pargi
  2335 | Sewer    | Gained mutation: You are surrounded by a moderate repulsion
                  | field. (EV +3) [demonic ancestry]
  2335 | Sewer    | Reached XP level 5. HP: 5/41 MP: 5/5
  2757 | D:3      | Noticed Terence
  2771 | D:3      | Killed Terence
  3439 | D:4      | Found a runed translucent door.
  3440 | D:4      | Noticed Crazy Yiuf
  3469 | D:4      | Noticed Pikel
  3471 | D:4      | Noticed a lemure
  3471 | D:4      | Noticed a lemure
  3471 | D:4      | Noticed a lemure
  3472 | D:4      | Noticed a lemure
  3478 | D:4      | HP: 2/41 [Pikel/+0 whip of electrocution (3)]
  3478 | D:4      | Mangled by Pikel

Illustrated notes

Levels and vault maps discovered:
D:1:      erik_arrival_triangle_large, layout_loops_corners, serial_shops,
          nicolae_shop_statue_plus, nicolae_shop_trees, shop
D:2:      layout_basic, hellmonk_ecumenical_altar_lost_god
D:3:      layout_basic, grunt_temple_overflow_order_and_chaos_1,
          gup_sewer_entry_bubbles, minmay_misc_feat_tower, uniq_terence
D:4:      layout_rooms, serial_shops, nicolae_shop_tiny_statue_garden,
          enter_ossuary_4, dk_vineyard_3, uniq_crazy_yiuf_cottage, uniq_pikel,
          uniq_menkaure

Skill      XL: |  1  2  3  4 |
---------------+-------------+-----
Dodging        | 1 2 3 |  3.6
Armour         | 3 |  3.8
Shields        | 3 |  3.7
Fighting       | |  3.0
Axes           | |  1.7

Action                     |  1- 3 |  4- 6 || total
---------------------------+-------+-------++-------
  Melee: War axe           |   118 |   153 ||   271
    Use: Scroll            |     4 |     7 ||    11
         Potion            |       |     7 ||     7
 Armour: Scale mail        |    40 |       ||    40
         Chain mail        |    16 |    93 ||   109
  Dodge: Dodged            |    80 |   117 ||   197
  Block: Buckler           |    30 |    64 ||    94
